 Dungeon Crawl Stone Soup version 0.21.0 (webtiles) character file.

5138 MDvedh the Basher (level 10, -13/56 HPs)
             Began as a Gargoyle Earth Elementalist on Jan 6, 2018.
             Was a Priest of the Shining One.
             Mangled by ThereIsNoGod's ghost (19 damage)
             ... on level 9 of the Dungeon.
             The game lasted 00:13:42 (8038 turns).

MDvedh the Basher (Gargoyle Earth Elementalist)     Turns: 8038, Time: 00:13:43

Health: -13/56     AC: 23    Str: 16    XL:     10   Next: 58%
Magic:  13/13      EV: 14    Int: 15    God:    the Shining One [***...]
Gold:   474        SH:  0    Dex: 10    Spells: 12/13 levels left

rFire    . . .     SeeInvis .   v - +4 mace
rCold    + . .     Gourm    .   (no shield)
rNeg     + + .     Faith    .   u - +1 leather armour {rC+}
rPois    ∞         Spirit   .   H - +0 helmet
rElec    +         Reflect  .   L - +0 cloak
rCorr    .         Harm     .   E - +1 pair of gloves
MR       .....                  B - +0 pair of boots
Stlth    +.........             (no amulet)
HPRegen  0.18/turn              l - +3 ring of evasion
MPRegen  0.13/turn              F - +6 ring of protection

@: glowing
A: negative energy resistance 1, electricity resistance, unbreathing,
petrification resistance, rot immunity, AC +7
a: Divine Shield, Renounce Religion


You were on level 9 of the Dungeon.
You worshipped the Shining One.
The Shining One was most pleased with you.
You were not hungry.

You visited 1 branch of the dungeon, and saw 9 of its levels.

You collected 474 gold pieces.

Inventory:

Hand Weapons
 v - a +4 mace (weapon)
Missiles
 b - 240 stones (quivered)
Armour
 u - a +1 leather armour of cold resistance (worn)
 B - a +0 pair of boots (worn)
 E - a +1 pair of gloves (worn)
 H - a +0 helmet (worn)
 L - a +0 cloak (worn)
Jewellery
 l - a +3 ring of evasion (left hand)
 F - a +6 ring of protection (right hand)
 G - an uncursed ring of fire
Wands
 y - a wand of scattershot (7)
 z - a wand of digging (4)
Scrolls
 c - a scroll of identify
 j - a scroll of magic mapping
 k - 5 scrolls of remove curse
 o - 2 scrolls of teleportation
 q - 3 scrolls of fog
 t - a scroll of blinking
 x - 2 scrolls of amnesia
 J - a scroll of random uselessness {unknown}
 K - a scroll of holy word {unknown}
Potions
 a - 3 potions of curing
 g - 2 potions of lignification {unknown}
 h - a potion of degeneration
 i - a potion of berserk rage
 m - a potion of magic
 n - a potion of haste
 p - 2 potions of heal wounds
 r - 2 potions of flight
 s - a potion of agility {unknown}
 w - a potion of brilliance {unknown}
 C - a potion of cancellation {unknown}
 D - a potion of might
 I - a potion of invisibility {unknown}
Books
 e - a book of Geomancy

   Spells                             Type                      Level
   a - Sandblast                      Earth                        1
   b - Passwall                       Transmutation/Earth          2
   c - Stone Arrow                    Conjuration/Earth            3
   d - Petrify                        Transmutation/Earth          4
   e - Lee's Rapid Deconstruction     Earth                        5
Comestibles
 d - 17 rations


   Skills:
 - Level 4.0 Fighting
 * Level 13.7 Maces & Flails
 - Level 4.0 Armour
 - Level 1.5 Dodging
 - Level 2.1 Stealth
 - Level 2.0 Spellcasting
   Level 0.7 Transmutations
 - Level 3.6 Earth Magic


You had 12 spell levels left.
You knew the following spells:

 Your Spells              Type           Power        Failure   Level  Hunger
a - Sandblast             Erth           ##....       6%          1    #......


Dungeon Overview and Level Annotations

Branches:
Dungeon (9/15)             Temple (0/1) D:6
   Lair: D:8-11         Orc: D:9-12

Altars:
Ashenzari
Gozag
Makhleb
Nemelex Xobeh
Ru
Uskayaw
Wu Jian
Xom
The Shining One

Annotations:
D:9 ThereIsNoGod's ghost, novice DrBe


Innate Abilities, Weirdness & Mutations

You are resistant to torment.
Your stone body is resilient. (AC +7)
You are immune to poison.
You resist negative energy. (rN+)
You are resistant to electric shocks. (rElec)
You can survive without breathing.
You are immune to petrification.
You are immune to rotting.


Message History

You thump ThereIsNoGod's ghost!
ThereIsNoGod's ghost is lightly damaged.
ThereIsNoGod's ghost hits you!!
* * * LOW HITPOINT WARNING * * *
x2 You are too injured to fight recklessly!
You are too injured to fight recklessly!
You are too injured to fight recklessly!
You are too injured to fight recklessly!
You are too injured to fight recklessly!
You are too injured to fight recklessly!
You are too injured to fight recklessly!
You are too injured to fight recklessly!
You are too injured to fight recklessly!
You are too injured to fight recklessly!
You are too injured to fight recklessly!
You are too injured to fight recklessly!
You are too injured to fight recklessly!
You are too injured to fight recklessly!
ThereIsNoGod's ghost hits you!!
You die...

#.##..#.........##.######
#.#.........<...##......^
#...............##..####.
#...##.#............####.
######......###.......##.
###....# #####.#.##.
#.##########...... #.#
#.......#.... #@#
#.......#.###
####W####..........##
#......##............
#.##.#.##..........((
#.##.#.##.......#....
#.#..#.##.......#....
#.#.......#########..
#.#.##.##.# #.....
#......##.######.##..


You could see ThereIsNoGod's ghost.

Vanquished Creatures
  An ugly thing (D:9)
  Maurice (D:9)
  Psyche (D:8)
  A queen bee (D:8)
  A hippogriff (D:8)
  A vampire (D:9)
  A hungry ghost (D:8)
  2 ice beasts
  An orc warrior (D:7)
  2 phantoms
  An ogre (D:6)
  2 centaurs (D:6)
  A big kobold (D:7)
  2 bullfrogs (D:8)
  A gnoll sergeant (D:8)
  A scorpion (D:4)
  18 killer bees
  3 wights (D:6)
  2 howler monkeys (D:6)
  3 crimson imps
  A bullfrog zombie (D:4)
  A quasit (D:8)
  3 jellies
  An orc priest (D:7)
  8 hounds
  3 bullfrog skeletons
  2 centaur skeletons
  4 iguanas
  3 orc wizards
  11 worker ants
  A hound skeleton (D:8)
  2 worker ant zombies
  A howler monkey skeleton (D:4)
  12 gnolls
  8 adders
  A shadow imp (D:6)
  An ooze (D:2)
  An adder zombie (D:5)
  An adder skeleton (D:8)
  4 worms
  4 leopard geckos
  14 orcs
  A ball python (D:3)
  4 giant cockroaches
  8 goblins
  8 hobgoblins
  7 jackals
  25 kobolds
  2 quokkas
  9 bats
  6 frilled lizards
  A leopard gecko skeleton (D:6)
  A quokka skeleton (D:4)
  5 rats
  2 plants (D:7)
212 creatures vanquished.

Notes
Turn   | Place    | Note
-------+----------+-------------------------------------------
     0 | D:1      | MDvedh the Gargoyle Earth Elementalist began the quest for the Orb.
     0 | D:1      | Reached XP level 1. HP: 10/10 MP: 3/3
   185 | D:1      | Reached XP level 2. HP: 15/16 MP: 3/5
   215 | D:1      | Reached skill level 1 in Fighting
   215 | D:1      | Reached skill level 1 in Armour
   310 | D:1      | Reached skill level 1 in Maces & Flails
   936 | D:2      | Reached XP level 3. HP: 20/20 MP: 6/6
  1058 | D:2      | Reached skill level 2 in Maces & Flails
  1091 | D:2      | Found a burning altar of Makhleb.
  1582 | D:2      | Reached XP level 4. HP: 25/26 MP: 7/7
  2248 | D:3      | Reached XP level 5. HP: 30/31 MP: 8/8
  2379 | D:3      | Found an ornate altar of the Wu Jian Council.
  2386 | D:3      | Reached skill level 3 in Maces & Flails
  2600 | D:3      | Found a glowing golden altar of the Shining One.
  2606 | D:3      | Became a worshipper of the Shining One
  2866 | D:4      | Noticed an ice beast
  2875 | D:4      | Killed an ice beast
  2875 | D:4      | Reached XP level 6. HP: 34/37 MP: 9/9
  2895 | D:4      | Reached skill level 4 in Maces & Flails
  3430 | D:4      | Reached XP level 7. HP: 39/42 MP: 10/10
  3706 | D:5      | Entered Level 5 of the Dungeon
  3731 | D:4      | Reached * piety under the Shining One
  3731 | D:4      | Reached skill level 5 in Maces & Flails
  3982 | D:5      | Reached skill level 6 in Maces & Flails
  4286 | D:5      | Reached XP level 8. HP: 35/48 MP: 11/11
  4386 | D:5      | Reached skill level 7 in Maces & Flails
  4578 | D:5      | Found a glowing golden altar of the Shining One.
  4580 | D:5      | Found an opulent altar of Gozag.
  4580 | D:5      | Found a snail-covered altar of Cheibriados.
  4582 | D:5      | Found a hide-covered altar of Uskayaw.
  4582 | D:5      | Found a glowing golden altar of the Shining One.
  4582 | D:5      | Found a shimmering altar of Xom.
  4812 | D:6      | Reached skill level 8 in Maces & Flails
  4960 | D:6      | Found a staircase to the Ecumenical Temple.
  5024 | D:6      | Reached ** piety under the Shining One
  5030 | D:6      | Reached skill level 9 in Maces & Flails
  5316 | D:6      | Reached XP level 9. HP: 52/52 MP: 12/12
  5462 | D:6      | Found a sparkling altar of Nemelex Xobeh.
  5614 | D:7      | Reached skill level 10 in Maces & Flails
  6012 | D:7      | Found a sacrificial altar of Ru.
  6625 | D:8      | Reached skill level 11 in Maces & Flails
  6720 | D:8      | Noticed a queen bee
  6751 | D:8      | Killed a queen bee
  6757 | D:8      | Reached skill level 12 in Maces & Flails
  6795 | D:8      | Reached XP level 10. HP: 42/56 MP: 13/13
  7038 | D:8      | Reached *** piety under the Shining One
  7039 | D:8      | Noticed Psyche
  7186 | D:8      | Killed Psyche
  7192 | D:8      | Reached skill level 13 in Maces & Flails
  7293 | D:8      | Found a shattered altar of Ashenzari.
  7545 | D:9      | Noticed Maurice
  7547 | D:9      | Noticed a purple ugly thing
  7574 | D:9      | Killed a purple ugly thing
  7595 | D:9      | Killed Maurice
  7795 | D:9      | Noticed ThereIsNoGod's ghost (novice DrBe)
  8038 | D:9      | Mangled by ThereIsNoGod's ghost

Skill      XL: |  1  2  3  4  5  6  7  8  9 10 |
---------------+-------------------------------+-----
Fighting       | 1 2 3 4 |  4.0
Armour         | 1 2 3 4 |  4.0
Maces & Flails | 1 2 3 4 6 9 12 13 | 13.7
Dodging        | |  1.5
Stealth        | |  2.1
Spellcasting   | |  2.0
Transmutations | |  0.7
Earth Magic    | |  3.6

Action                   |  1- 3 |  4- 6 |  7- 9 | 10-12 || total
-------------------------+-------+-------+-------+-------++-------
Melee: Club              |    16 |       |       |       ||    16
       Mace              |    40 |   169 |   527 |   175 ||   911
 Cast: Sandblast         |    26 |    14 |       |       ||    40
Invok: Divine Shield     |       |       |       |     2 ||     2
  Use: Scroll            |       |       |    16 |       ||    16
 Stab: Sleeping          |     4 |       |       |       ||     4
       Distracted        |       |     1 |       |       ||     1
  Eat: Chunk             |     3 |     6 |     6 |     4 ||    19
       Ration            |       |       |     2 |     1 ||     3
Armor: Robe              |    34 |    28 |       |       ||    62
       Leather armour    |       |    38 |   180 |    80 ||   298
Dodge: Dodged            |    96 |   168 |   385 |    83 ||   732
Block: Other             |       |       |       |     8 ||     8
